 Dungeon Crawl Stone Soup version 0.21.1-1-g345015fe64 (webtiles) character file.

65 Jens78 the Covered (level 4, 0/40 HPs)
             Began as a Hill Orc Fighter on June 8, 2018.
             Killed by divine providence
             ... invoked by an orc priest
              (14 damage)
             ... on level 3 of the Dungeon.
             The game lasted 00:13:55 (1848 turns).

Jens78 the Covered (Hill Orc Fighter)               Turns: 1848, Time: 00:14:00

Health: 0/40       AC:  8    Str: 19    XL:     4   Next: 13%
Magic:  4/4        EV:  7    Int:  8    God:
Gold:   65         SH:  9    Dex: 10    Spells: 3/3 levels left

rFire    . . .     SeeInvis .   a - +0 long sword
rCold    . . .     Gourm    .   c - +0 shield
rNeg     . . .     Faith    .   b - +0 scale mail
rPois    .         Spirit   .   (no helmet)
rElec    .         Reflect  .   (no cloak)
rCorr    .         Harm     .   (no gloves)
MR       .....                  h - +0 pair of boots
Stlth    ..........             (no amulet)
HPRegen  0.13/turn              (no ring)
MPRegen  0.09/turn              (no ring)

@: no status effects
A: no striking features
a: Convert to Beogh


You were on level 3 of the Dungeon.
You were not hungry.

You visited 1 branch of the dungeon, and saw 3 of its levels.

You collected 65 gold pieces.

Inventory:

Hand Weapons
 a - a +0 long sword (weapon)
 p - a +0 hunting sling
Missiles
 e - 50 stones (quivered)
 g - 48 arrows
 i - 79 sling bullets
 o - 40 bolts
Armour
 b - a +0 scale mail (worn)
 c - a +0 shield (worn)
 h - a +0 pair of boots (worn)
Scrolls
 n - a scroll of enchant weapon {unknown}
 q - a scroll of identify
 r - a scroll of magic mapping {unknown}
 s - a scroll of teleportation {unknown}
 t - a scroll of blinking {unknown}
 v - 2 scrolls of remove curse
Potions
 d - 2 potions of might
 j - a potion of resistance
 k - a potion of curing {unknown}
 l - a potion of brilliance {unknown}
 m - a potion of flight {unknown}
Comestibles
 f - 6 rations
 u - a chunk of flesh


   Skills:
 + Level 3.8 Fighting
 + Level 2.9 Long Blades
 + Level 4.2 Armour
 + Level 0.6 Dodging
 + Level 3.8 Shields


You had 3 spell levels left.
You didn't know any spells.

Dungeon Overview and Level Annotations

Branches:
Dungeon (3/15)

Altars:


Message History

You hit the orc priest but do no damage.
The orc priest is severely wounded.
The orc priest shouts, "Surrender to Beogh and we'll let you live!"
The orc priest hits you but does no damage.
You closely miss the orc priest.
The orc priest is severely wounded.
Your shield prevents you from hitting the orc.
The orc priest calls upon Beogh to heal the orc priest.
The orc priest is healed somewhat.
You block the orc's attack.
Some of the chunks of flesh in your inventory have rotted away.
You barely miss the orc. You block the orc's attack.
You slash the orc!
You kill the orc!
You hit the orc priest.
The orc priest is moderately wounded.
The orc priest invokes the aid of Beogh against you.
Beogh smites you!
The orc priest calls down the wrath of Beogh upon you.
Beogh smites you!
You die...

##.....###......#
##.......######.##
#.....รท...####...#
+.........'......#
#.........####...#
##.......## ##..#
##.....## ####
##..[## ##@## #o#
#.# .o. ....#
o..... #.....##
#.##.## .. #.#


You could see 2 orc priests.

Vanquished Creatures
  2 adders
  A worm (D:2)
  A dart slug (D:2)
  2 leopard geckos
  2 orcs (D:3)
  A giant cockroach (D:2)
  6 hobgoblins
  6 jackals
  A quokka (D:2)
  A ball python (D:2)
  4 bats
  4 frilled lizards
  2 goblins (D:1)
  3 kobolds
  A rat (D:1)
37 creatures vanquished.

Notes
Turn   | Place    | Note
-------+----------+-------------------------------------------
     0 | D:1      | Jens78 the Hill Orc Fighter began the quest for the Orb.
     0 | D:1      | Reached XP level 1. HP: 19/19 MP: 1/1
   111 | D:1      | Reached XP level 2. HP: 20/27 MP: 2/2
   437 | D:1      | Reached XP level 3. HP: 12/33 MP: 3/3
  1369 | D:2      | Reached skill level 4 in Armour
  1428 | D:2      | Reached XP level 4. HP: 30/40 MP: 4/4
  1848 | D:3      | Killed from afar by an orc priest

Skill      XL: |  1  2  3 |
---------------+----------+-----
Armour         | 4 |  4.2
Fighting       | |  3.8
Long Blades    | |  2.9
Dodging        | |  0.6
Shields        | |  3.8

Action                   |  1- 3 |  4- 6 || total
-------------------------+-------+-------++-------
Melee: Long sword        |   134 |    18 ||   152
  Use: Scroll            |     3 |     1 ||     4
  Eat: Chunk             |     2 |     1 ||     3
Armor: Scale mail        |    76 |     3 ||    79
Dodge: Dodged            |    54 |       ||    54
Block: Shield            |    76 |     9 ||    85
       Rpst.: Long sword |    17 |       ||    17
